 Dungeon Sprint DCSS version 0.26-a0-651-gb41185065b (webtiles) character file.

Game seed: 9917197554438827016

2102 mhtbhm the Basher (level 9, -3/151 HPs)
             Began as a Troll Berserker on Sept 29, 2020.
             Was a High Priest of Trog.
             Slain by a porcupine (7 damage)
             ... in the Dungeon (Sprint IX: "|||||||||||||||||||||||||||||").
             The game lasted 00:01:03 (485 turns).

mhtbhm the Basher (Troll Berserker)                  Turns: 485, Time: 00:01:04

Health: -3/151     AC:  7    Str: 33    XL:     9   Next: 7%
Magic:  8/8        EV: 13    Int:  6    God:    Trog [*****.]
Gold:   0          SH:  0    Dex:  9    Spells: 8/8 levels left

rFire    . . .     SeeInvis .   a - +3 giant club (vorpal)
rCold    . . .     Faith    .   (shield currently unavailable)
rNeg     . . .     Spirit   .   b - +0 animal skin
rPois    .         Reflect  .   (helmet restricted)
rElec    .         Harm     .   l - +0 cloak
rCorr    .         Rampage  .   (gloves unavailable)
MR       .....     NoTele   +   (boots unavailable)
Stlth    ..........             (no amulet)
HPRegen  0.75/turn              m - +3 ring of strength
MPRegen  0.11/turn              n - +3 ring of intelligence

@: berserking, very quick
A: large, unfitting armour, claws 3, regeneration 1, shaggy fur 1, tough skin 3
a: Berserk, Trog's Hand, Brothers in Arms, Renounce Religion


You were in the Dungeon.
You worshipped Trog.
Trog was extremely pleased with you.
You visited 1 branch

Inventory:

Hand Weapons
 a - a +3 vorpal giant club (weapon)
Armour
 b - a +0 animal skin (worn)
 l - a +0 cloak (worn)
Jewellery
 m - a +3 ring of strength (left claw)
 n - a +3 ring of intelligence (right claw)
Wands
 k - a wand of acid (10)
Scrolls
 h - 3 scrolls of blinking
 j - 4 scrolls of remove curse
 q - a scroll of fear
 r - a scroll of identify
 s - 4 scrolls of enchant armour
 t - 2 scrolls of enchant weapon
Potions
 c - 6 potions of curing
 d - 3 potions of heal wounds
 e - a potion of haste
 f - 4 potions of magic
 g - 2 potions of berserk rage
 i - a potion of invisibility
 o - a potion of mutation
 p - a potion of resistance


   Skills:
 + Level 10.0 Fighting
 + Level 12.6 Maces & Flails
 + Level 9.0 Dodging
 + Level 0.1 Stealth


You had 8 spell levels left.
You didn't know any spells.
Your spell library was empty.

Dungeon Overview and Level Annotations

Branches:
Dungeon (1/1)

Altars:
Cheibriados
Dithmenos
Elyvilon
Fedhas
Gozag
Hepliaklqana
Kikubaaqudgha
Makhleb
Nemelex Xobeh
Okawaru
Qazlal
Ru
Sif Muna
Trog
Uskayaw
Vehumet
Wu Jian
Xom
Yredelemnul
Zin
The Shining One
Beogh
Jiyva
Lugonu


Innate Abilities, Weirdness & Mutations

You are too large for most types of armour.
You have claws for hands.
Your natural rate of healing is unusually fast.
You are covered in fur. (AC +1)
You have extremely tough skin. (AC +3)


Message History

The six-headed hydra barely misses you.
The blink frog blinks!
You bludgeon the six-headed hydra!!
You kill the six-headed hydra!
Trog accepts your kill.
Your Fighting skill increases to level 10!
Your Maces & Flails skill increases to level 12!
Your Dodging skill increases to level 9!
You have reached level 9!
Your experience leads to an increase in your attributes!
Your base attributes are Str 28, Int 3, Dex 9.
Increase (S)trength, (I)ntelligence, or (D)exterity?
You feel stronger. x2
Unknown command.
The blink frog hits you!
* * * LOW HITPOINT WARNING * * *
There is an open door to the Lair, spattered with blood here.
You barely miss the blink frog. You closely miss the blink frog.
The blink frog blinks!
You closely miss the porcupine.
The blink frog blinks!
The porcupine bites you!
You die...

▓.▓.▓.▓
▓.▓.▓)▓
▓.▓.▓.▓
▓'▓.▓.▓
▓_▓.▓.▓
▓_▓.▓§▓
▓_▓.▓.▓
▓_▓.▓§▓
▓_▓.▓@▓
▓_▓.▓r▓
▓_▓.▓S▓
▓_▓.▓F▓
▓_▓.▓t▓
▓_▓.▓F▓
▓_▓.▓F▓
▓_▓.▓.▓
▓_▓.▓.▓


You could see a cane toad, 2 blink frogs, a water moccasin, a crocodile and a
porcupine.

Vanquished Creatures
  A hydra (D)
  A slime creature (D)
  A vampire (D)
  A wraith (D)
  A yak (D)
  A porcupine (D)
  3 sky beasts (D)
  An eye of draining (D)
  A centaur (D)
  A big kobold (D)
  A bullfrog (D)
  A scorpion (D)
  A jelly (D)
  An iguana (D)
  A worker ant (D)
  An adder zombie (D)
  An orc (D)
  A bat skeleton (D)
  A goblin (D)
  2 hobgoblins (D)
  2 frilled lizards (D)
25 creatures vanquished.

Notes
Turn   | Place    | Note
-------+----------+-------------------------------------------
     0 | D        | mhtbhm the Troll Berserker began the quest for the Orb.
     0 | D        | Reached XP level 1. HP: 22/22 MP: 0/0
     7 | D        | Reached skill level 3 in Maces & Flails
     8 | D        | Reached ** piety under Trog
   121 | D        | Noticed a centaur
   121 | D        | Noticed a jelly
   121 | D        | Noticed an iguana
   121 | D        | Noticed a sky beast
   124 | D        | Killed a centaur
   124 | D        | Reached skill level 5 in Maces & Flails
   124 | D        | Reached XP level 2. HP: 33/33 MP: 1/1
   124 | D        | Reached XP level 3. HP: 40/40 MP: 2/2
   124 | D        | Reached XP level 4. HP: 49/49 MP: 3/3
   126 | D        | Reached *** piety under Trog
   126 | D        | Reached skill level 5 in Fighting
   127 | D        | Reached skill level 5 in Dodging
   131 | D        | Reached skill level 6 in Maces & Flails
   131 | D        | Reached XP level 5. HP: 57/57 MP: 4/4
   134 | D        | Killed a sky beast
   134 | D        | Reached skill level 7 in Maces & Flails
   163 | D        | Found a roughly hewn altar of Beogh.
   163 | D        | Found a snail-covered altar of Cheibriados.
   163 | D        | Found a shadowy altar of Dithmenos.
   163 | D        | Found a white marble altar of Elyvilon.
   163 | D        | Found a blossoming altar of Fedhas.
   163 | D        | Found an opulent altar of Gozag.
   164 | D        | Found a hazy altar of Hepliaklqana.
   165 | D        | Found a viscous altar of Jiyva.
   166 | D        | Found an ancient bone altar of Kikubaaqudgha.
   167 | D        | Found a corrupted altar of Lugonu.
   168 | D        | Found a burning altar of Makhleb.
   169 | D        | Found a sparkling altar of Nemelex Xobeh.
   170 | D        | Found an iron altar of Okawaru.
   171 | D        | Found a stormy altar of Qazlal.
   172 | D        | Found a sacrificial altar of Ru.
   173 | D        | Found a shimmering blue altar of Sif Muna.
   174 | D        | Found a bloodstained altar of Trog.
   175 | D        | Found a hide-covered altar of Uskayaw.
   176 | D        | Found a radiant altar of Vehumet.
   177 | D        | Found an ornate altar of the Wu Jian Council.
   178 | D        | Found a shimmering altar of Xom.
   179 | D        | Found a basalt altar of Yredelemnul.
   180 | D        | Found a glowing silver altar of Zin.
   181 | D        | Found a glowing golden altar of the Shining One.
   234 | D        | Noticed a sky beast
   234 | D        | Noticed a wraith
   241 | D        | Killed a sky beast
   241 | D        | Reached **** piety under Trog
   241 | D        | Reached XP level 6. HP: 68/68 MP: 5/5
   247 | D        | Killed a wraith
   247 | D        | Reached skill level 8 in Maces & Flails
   250 | D        | Reached skill level 9 in Maces & Flails
   250 | D        | Reached XP level 7. HP: 79/79 MP: 6/6
   290 | D        | Noticed a vampire
   290 | D        | Noticed a yak
   290 | D        | Noticed a slime creature
   292 | D        | Reached ***** piety under Trog
   296 | D        | Killed a vampire
   296 | D        | Reached skill level 10 in Maces & Flails
   302 | D        | Killed a yak
   308 | D        | Killed a slime creature
   308 | D        | Reached XP level 8. HP: 83/91 MP: 0/7
   311 | D        | Reached skill level 11 in Maces & Flails
   315 | D        | Received a gift from Trog
   471 | D        | Noticed a blink frog
   471 | D        | Noticed a six-headed hydra
   475 | D        | Noticed a cane toad
   477 | D        | Noticed a blink frog
   481 | D        | Killed a six-headed hydra
   481 | D        | Reached skill level 10 in Fighting
   481 | D        | Reached skill level 12 in Maces & Flails
   481 | D        | Reached XP level 9. HP: 8/101 MP: 8/8
   482 | D        | HP: 2/151 [blink frog (7)]
   485 | D        | Slain by a porcupine

Illustrated notes

Levels and vault maps discovered:
D:        linesprint [early_d, line_temple, items_1, d_10, items_2, lair_1,
          lair_end, items_3, orc_1, orc_end, items_4, d_15, swamp_1, shoals_1,
          snake_1, spider_1, d_20, vaults_1, items_5, swamp_end, shoals_end,
          snake_end, spider_end, vaults_end, d_27, items_6, zot_1, zot_end,
          crypt_end, forest_end, elf_end, slime_end, tomb_end, abyss_end,
          pan_hell_end]

Skill      XL: |  1  2  3  4  5  6  7  8 |
---------------+-------------------------+-----
Maces & Flails | 5 6 7 9 10 12 | 12.6
Fighting       | 4 5 6 7 8 10 | 10.0
Dodging        | 4 5 6 7 8 9 |  9.0
Stealth        | |  0.1

Action                   |  1- 3 |  4- 6 |  7- 9 || total
-------------------------+-------+-------+-------++-------
Melee: Mace              |    13 |     8 |       ||    21
       Dire flail        |       |    13 |    26 ||    39
       Giant club        |       |       |    10 ||    10
Invok: Berserk           |     1 |     1 |     2 ||     4
Armor: Animal skin       |     3 |     3 |     6 ||    12
Dodge: Dodged            |     5 |     8 |    13 ||    26

Table legend: (Time is in decaauts)
 A = Elapsed time spent in this place.
 B = Non-inter-level travel time spent in this place.
 C = Inter-level travel time spent in this place.
 D = Time resting spent in this place.
 E = Time spent auto-exploring this place.
 F = Levels seen in this place.
 G = Mean time per level.
                   A        B        C        D        E       F      G
               +--------+--------+--------+--------+--------+-----+--------+
         Total |    497 |    497 |      0 |    196 |     94 |   1 |  497.0 |
       Dungeon |    497 |    497 |      0 |    196 |     94 |   1 |  497.0 |
               +--------+--------+--------+--------+--------+-----+--------+

Top non-repeatable levels by time:
       D: 497 daAuts
